Unix NetHack Version 5.0.0-0 post-release - last build May  4 2026 22:22:43 (774f63e81ad911689b3a0859ea89b322d5daca8d,branch:main).

Game began 2026-05-04 19:25:49, ended 2026-05-05 13:35:58.

Barrb, neutral female human Barbarian

                         ------
   ------     -.---      |.....#
   |..<.|     |`...#     |....|#
   |....|     |...|#    #.....|#
   |....|     |...|#    #|....|#
   |....|    #....|#    #------#
   |...[|    #---.-#    ##     #
   |....%##################    #
   ----.-     #    #%      #   #
       ###    #    ##[##############
         #    ##           #   #   #
         #     #           #   ##  ##o@)#
     ----.-----#           #    #%-------|-----
     |........|#    -------#     #|.........*(|
     |.......%-#    |.....|#     #.........)).-
     |........|     |.....|#      |...........|
     ----------     |.....-#      -------------
                    ......|
                    -------

Barrb the Bandit           St:18/01 Dx:17 Co:17 In:7 Wi:7 Ch:9  Neutral
Dlvl:6  $:0  HP:0(54) Pw:13(13) AC:4  Xp:6 T:3126 

Latest messages:
 You begin praying to Crom.
 You are surrounded by a shimmering light.
 You finish your prayer.
 You feel that Crom is well-pleased.
 You feel much better.
 I - a wand of striking.
 You hear someone counting gold coins.
 You miss GdeVolpiano's ghost.
 You miss GdeVolpiano's ghost.
 You miss GdeVolpiano's ghost.
 You miss GdeVolpiano's ghost.
 You miss GdeVolpiano's ghost.
 You smite GdeVolpiano's ghost!
 You smite GdeVolpiano's ghost!
 You miss GdeVolpiano's ghost.
 You miss GdeVolpiano's ghost.
 You miss GdeVolpiano's ghost.
 You miss GdeVolpiano's ghost.
 You miss GdeVolpiano's ghost.
 You miss GdeVolpiano's ghost.
 You miss GdeVolpiano's ghost.
 You miss GdeVolpiano's ghost.
 You miss GdeVolpiano's ghost.
 You smite GdeVolpiano's ghost!
 You miss GdeVolpiano's ghost.
 You miss GdeVolpiano's ghost.
 You miss GdeVolpiano's ghost.
 GdeVolpiano's ghost touches you!
 You miss GdeVolpiano's ghost.
 You smite GdeVolpiano's ghost!
 You smite GdeVolpiano's ghost!
 GdeVolpiano's ghost turns to flee.
 You smite GdeVolpiano's ghost!
 You smite GdeVolpiano's ghost!
 You miss GdeVolpiano's ghost.
 You destroy GdeVolpiano's ghost!
 You smite the blue jelly!
 You are suddenly very cold!
 You smite the blue jelly!
 You are suddenly very cold!
 You are hit by a silver spear.
 You stop searching.
 You miss the hill orc.
 The hill orc swings his scimitar.
 The hill orc hits!
 You miss the hill orc.
 The hill orc swings his scimitar.
 The hill orc hits!
 You die...
 Do you want your possessions identified? [ynq] (y) q

Inventory:
 Weapons  (')')
  b - a +0 axe (weapon in right hand)
 Armor    ('[')
  a - an uncursed +0 orcish helm (being worn)
  p - an uncursed +0 pair of iron shoes (being worn)
  q - an uncursed +0 dwarvish cloak (being worn)
  c - an uncursed +0 ring mail (being worn)
 Comestibles  ('%')
  g - an uncursed carrot
  k - an uncursed cram ration
  d - 4 uncursed food rations
  E - a cursed pancake
  F - an uncursed tripe ration
 Scrolls  ('?')
  m - an uncursed scroll of amnesia
  r - a cursed scroll of amnesia
  y - 2 uncursed scrolls of enchant weapon
  n - an uncursed scroll of genocide
  t - an uncursed scroll of identify
  w - an uncursed scroll of identify
  h - an uncursed scroll of light
  l - an uncursed scroll of remove curse
 Potions  ('!')
  s - an uncursed potion of confusion
  B - a blessed potion of enlightenment
  f - an uncursed potion of gain energy
  e - 2 blessed potions of healing
  u - 3 uncursed potions of healing
  j - an uncursed potion of water
 Wands    ('/')
  D - a wand of create monster (0:14)
  G - a cursed wand of create monster (0:3)
  H - a cursed wand of fire (0:0)
  I - a wand of striking (0:6)
 Tools    ('(')
  C - an uncursed towel
 Gems/Stones  ('*')
  z - an uncursed worthless piece of blue glass
  x - 3 uncursed worthless pieces of green glass
  i - an uncursed worthless piece of red glass
  v - an uncursed worthless piece of white glass

Barrb the Barbarian's attributes:

Background:
 You were a Bandit, a level 6 female human Barbarian.
 You were neutral, on a mission for Crom
 who was opposed by Mitra (lawful) and Set (chaotic).
 You were right-handed.
 You were in the Dungeons of Doom, on level 6.
 You entered the dungeon 3126 turns ago.
 You had 597 experience points, 43 more were needed to attain level 7.

Basics:
 You had 0 out of 54 hit points.
 You had all 13 energy points (spell power).
 Your armor class was 4.
 Your wallet was empty.
 Autopickup was off.

Final Characteristics:
 Your strength was 18/01 (limit:18/100).
 Your dexterity was 17 (limit:18).
 Your constitution was 17 (limit:18).
 Your intelligence was 7 (limit:18).
 Your wisdom was 7 (limit:18).
 Your charisma was 9 (limit:18).

Final Status:
 You weren't hungry.
 You were unencumbered.
 You were wielding an axe.
 You were skilled in axe.

Final Attributes:
 You were piously aligned.
 Your items were somewhat protected from fire.
 Your items were somewhat protected from cold.
 You were poison resistant.
 You were warded.
 You are dead.

Miscellaneous:
 You encountered 1 bones level.
 Total elapsed playing time was 1 hour, 31 minutes and 29 seconds.

Major events:
 Turn
    1: Barrb the neutral female human Barbarian entered the dungeon
  462: attained the rank of Pillager (level 3)
 2843: attained the rank of Bandit (level 6)
 3126: killed by a hill orc

You didn't know any spells.

Skills:
 Fighting Skills
   bare handed combat [Basic]
   two weapon combat  [Unskilled]
   riding             [Unskilled]
 Weapon Skills
   dagger             [Unskilled]
   axe                [Skilled]
   pick-axe           [Unskilled]
   short sword        [Unskilled]
   broadsword         [Unskilled]
   long sword         [Unskilled]
   two-handed sword   [Basic]
   saber              [Unskilled]
   club               [Unskilled]
   mace               [Unskilled]
   morning star       [Unskilled]
   flail              [Unskilled]
   hammer             [Unskilled]
   quarterstaff       [Unskilled]
   spear              [Unskilled]
   trident            [Unskilled]
   bow                [Unskilled]
 Spellcasting Skills
   attack spells      [Unskilled]
   escape spells      [Unskilled]

Voluntary challenges:
 Character rerolling was not enabled.
 You never genocided any monsters.
 You never polymorphed an object.
 You never changed form.
 You used no wishes.
Achievements:
 You entered a shop.
 You attained the rank of Pillager.
 You attained the rank of Bandit.

 The Dungeons of Doom: levels 1 to 6
    Level 1:
       Some fountains.
    Level 2:
       An armor shop.
    Level 3:
       A general store, an altar, some fountains.
    Level 4:
       A general store.
    Level 5:
       A fountain.
    Level 6: <- You were here.
       A grave.
       Final resting place for
          you, killed by a hill orc,
          GdeVolpiano-Mon-Hum-Mal-Neu, killed by a bolt of fire zapped by himself.


Vanquished creatures:
  a ghost
  a large mimic
  a small mimic
  5 leprechauns
  a dwarf leader
  a bugbear
  2 rock piercers
  a fog cloud
  2 giant ants
  a little dog
  a kitten
  a dwarf
  3 hill orcs
  a rothe
  2 giant bats
  a dwarf zombie
  a wererat
  2 iguanas
  2 manes
  a hobgoblin
  2 giant rats
  a cave spider
  a gnome
  3 geckos
  3 jackals
  a kobold
  2 goblins
  2 sewer rats
  3 grid bugs
  2 lichens
  2 newts
53 creatures vanquished.

No species were genocided or became extinct.

Game over:
                       ----------
                      /          \
                     /    REST    \
                    /      IN      \
                   /     PEACE      \
                  /                  \
                  |      Barrb       |
                  |       0 Au       |
                  | killed by a hill |
                  |       orc        |
                  |                  |
                  |                  |
                  |       2026       |
                 *|     *  *  *      | *
        _________)/\\_//(\/(/\)/\//\/|_)_______

Goodbye Barrb the Barbarian...

You died in The Dungeons of Doom on dungeon level 6 with 2702 points,
and 0 pieces of gold, after 3126 moves.
You were level 6 with a maximum of 54 hit points when you died.

